 Dungeon Crawl Stone Soup version 0.29-a0-322-g68df515428 (webtiles) character file.

Game seed: 12937694236357373316

466 siradein the Insei (level 7, -4/44 (46) HPs)
             Began as an Octopode Transmuter on Apr 8, 2022.
             Slain by a wight
             ... wielding a +4 hand axe of freezing
              (15 damage)
             ... on level 4 of the Dungeon.
             The game lasted 00:12:45 (4660 turns).

siradein the Insei (Octopode Transmuter)            Turns: 4660, Time: 00:12:46

HP:   -4/44 (46)    AC:  2    Str: 15    XL:     7   Next: 8%
MP:   8/11          EV: 21    Int: 20    God:
Gold: 62            SH:  0    Dex: 19    Spells: 2/12 levels left

rFire   . . .      SeeInvis +     - Unarmed
rCold   . . .      Faith    .   (shield currently unavailable)
rNeg    + . .      Spirit   .   (helmet currently unavailable)
rPois   x          Reflect  .   i - amulet of the acrobat
rElec   .          Harm     .   c - ring of see invisible
rCorr   .          Rampage  .   n - +6 ring of strength
Will    .....                   o - ring of positive energy
Stlth   ++........              (no ring)
HPRegen 0.14/turn               (no ring)
MPRegen 0.12/turn               (no ring)
                                (no ring)
                                (no ring)

@: spider-form, lightly drained
A: venomous fangs, almost no armour, (amphibious), 8 rings, tiny, (camouflage
1), (gelatinous body 1), (nimble swimmer 1), (tentacles), agile 1, clever 1
a: End Transformation


You were on level 4 of the Dungeon.
You were a venomous arachnid creature.
You visited 1 branch of the dungeon, and saw 4 of its levels.

You collected 86 gold pieces.
You spent 24 gold pieces at shops.

Inventory:

Magical Staves
 q - a staff of death
Jewellery
 c - a ring of see invisible (left front leg)
 i - an amulet of the acrobat (around neck)
 n - a +6 ring of strength (right front leg)
 o - a ring of positive energy (on tentacle)
Scrolls
 e - 3 scrolls of teleportation
 f - a scroll of immolation {unknown}
 g - a scroll of fear {unknown}
 k - a scroll of holy word {unknown}
 l - a scroll of blinking {unknown}
 m - a scroll of torment {unknown}
 p - a scroll of noise {unknown}
Potions
 a - 2 potions of lignification
 b - 2 potions of flight {unknown}
 d - a potion of invisibility {unknown}
 h - a potion of ambrosia {unknown}
 j - a potion of attraction {unknown}


   Skills:
 + Level 3.0 Fighting
 + Level 3.3 Dodging
 + Level 4.1 Unarmed Combat
 + Level 3.2 Spellcasting
 + Level 3.4 Transmutations
 + Level 0.9 Ice Magic
 + Level 2.8 Poison Magic


You had 2 spell levels left.
You knew the following spells:

 Your Spells              Type           Power      Damage    Failure   Level
a - Beastly Appendage     Tmut           32%        N/A       12%         1
b - Wereblood             Tmut           16%        N/A       16%         2
c - Spider Form           Tmut/Pois      15%        N/A       28%         3
d - Ice Form              Ice/Tmut       12%        N/A       71%         4

Your spell library contained the following spells:

 Spells                   Type           Power      Damage    Failure   Level


Dungeon Overview and Level Annotations

Branches:
Dungeon (4/15)
 Temple: D:4-7

Altars:
Trog

Shops:
D:3 ?


Innate Abilities, Weirdness & Mutations

You are a venomous arachnid creature.
You have poisonous fangs.
You are tiny and dextrous.
Your spellcasting is less reliable in this form.
Your armour is entirely melded.
You are incapable of wielding weapons or throwing items.
You cannot wear most types of armour.
((You are amphibious.))
You can wear up to eight rings at the same time.
((Your skin changes colour to match your surroundings (Stealth+).))
((Your rubbery body absorbs attacks. (AC +1, EV +1)))
((You are camouflaged when in or above water. (Stealth+)))
((You have tentacles for arms and can constrict up to eight enemies at once.))
You are agile. (Dex +2)
Your mind is acute. (Int +2)


Message History

Your transformation is almost over.
The wight completely misses you. The wight completely misses you.
Your transformation has ended.
You see here a +0 robe.
You turn into a venomous arachnid creature.
The wight closely misses you. The wight closely misses you.
You hit the wight.
The wight is moderately damaged.
The wight closely misses you.
You hit the wight.
The wight is heavily damaged.
The wight hits you with a +0 halberd!
You hit the wight but do no damage.
The wight is heavily damaged.
The wight hits you with a +0 halberd!
You hit the wight but do no damage.
The wight is heavily damaged.
The wight closely misses you.
You barely miss the wight.
The wight is heavily damaged.
The wight hits you with a +0 halberd!
* * * LOW HITPOINT WARNING * * *
You partially resist.
You feel drained.
* * * LOW HITPOINT WARNING * * *
The wight completely misses you.
Your transformation is almost over.
Your transformation has ended.
A wight comes into view.
It is wielding a +4 hand axe of freezing.
The wight closely misses you. The wight misses you. The wight misses you.
The wight attacks as you move away! The wight misses you.
The wight attacks as you move away! The wight misses you.
Casting: Spider Form (dangerous; 12% risk of failure)
Confirm with . or Enter, or press ? or * to list all spells.
You turn into a venomous arachnid creature.
The wight hits you with a +4 hand axe of freezing!
You die...

#.......#......#
#.......#......+
#.......######.# #
#...#......# .+ #.
#...#......# #
#..#...##.....#
#..'..z##.....#########
#..#..z.'.....'........
#..#..s##.....########.
#. #...##.....# #. .
#...##.....# #.
##############...########
#. .................# #.
.................# #.
......^..........# #.
........#.######## #.
........#.# ##


You could see 2 wights.

Vanquished Creatures
  2 ogres (D:4)
  A necrophage (D:4)
  A wight (D:4)
  An iguana (D:4)
  2 orc wizards (D:4)
  4 adders
  A white imp (D:4)
  An ufetubus (D:4)
  2 worms
  A dart slug (D:1)
  2 orcs (D:4)
  3 bats (D:2)
  3 endoplasms
  2 giant cockroaches
  6 hobgoblins
  3 jackals (D:4)
  3 kobolds
  6 quokkas
  3 ball pythons
  3 frilled lizards
  6 goblins
  4 rats
60 creatures vanquished.

Notes
Turn   | Place    | Note
-------+----------+-------------------------------------------
     0 | D:1      | siradein the Octopode Transmuter began the quest for the
                  | Orb.
     0 | D:1      | Reached XP level 1. HP: 13/13 MP: 3/3
   442 | D:1      | Reached XP level 2. HP: 10/18 MP: 3/5
   763 | D:1      | Learned a level 2 spell: Wereblood
  1354 | D:2      | Reached XP level 3. HP: 12/23 MP: 4/6
  1657 | D:2      | Learned a level 3 spell: Spider Form
  2323 | D:3      | Found Wumporr's Magic Scroll Shoppe.
  2327 | D:3      | Bought a scroll of identify for 24 gold pieces
  2328 | D:3      | Gained mutation: You are agile. (Dex +2) [potion of
                  | mutation]
  2328 | D:3      | Gained mutation: Your mind is acute. (Int +2) [potion of
                  | mutation]
  2483 | D:3      | Found a bloodstained altar of Trog.
  3175 | D:3      | Reached XP level 4. HP: 29/29 MP: 5/7
  3303 | D:4      | Noticed a necrophage
  3312 | D:4      | Killed a necrophage
  3313 | D:4      | Reached skill level 1 in Poison Magic
  3313 | D:4      | Reached XP level 5. HP: 28/34 MP: 6/8
  3487 | D:4      | Noticed an ogre
  3509 | D:4      | Killed an ogre
  3640 | D:4      | Reached XP level 6. HP: 38/41 MP: 10/10
  4205 | D:4      | Learned a level 4 spell: Ice Form
  4400 | D:4      | Reached skill level 4 in Unarmed Combat
  4596 | D:4      | Reached XP level 7. HP: 41/46 MP: 8/11
  4660 | D:4      | Slain by a wight

Illustrated notes

Levels and vault maps discovered:
D:1:      eino_arrival_cavern_d, layout_loops_cross
D:2:      layout_basic
D:3:      layout_loops_corners, bloody_trog, serial_shops,
          nicolae_shop_statue_plus, dreamdust_princess_corridor,
          minmay_strange_pillars
D:4:      kennysheep_spiral_hall, layout_basic

Skill      XL: |  1  2  3  4  5  6 |
---------------+-------------------+-----
Fighting       | 2 3 |  3.0
Poison Magic   | 1 2 |  2.8
Dodging        | 3 |  3.3
Transmutations | 3 |  3.4
Spellcasting   | 3 |  3.2
Unarmed Combat | 4 |  4.1
Ice Magic      | |  0.9

Action                   |  1- 3 |  4- 6 |  7- 9 || total
-------------------------+-------+-------+-------++-------
Melee: Unarmed           |    69 |    80 |     5 ||   154
       Constrict         |    20 |    13 |       ||    33
       Kick              |    20 |     8 |       ||    28
       Tentacles         |    11 |     8 |       ||    19
       Punch             |     1 |     2 |       ||     3
 Cast: Beastly Appendage |    24 |    15 |       ||    39
       Spider Form       |       |     7 |     2 ||     9
  Use: Scroll            |     2 |       |       ||     2
       Potion            |     1 |       |       ||     1
 Stab: Sleeping          |     7 |     5 |       ||    12
       Confused          |       |     1 |       ||     1
Armor: Skin              |     4 |     5 |       ||     9
Dodge: Dodged            |    37 |    50 |    12 ||    99

Table legend: (Time is in decaauts)
 A = Elapsed time spent in this place.
 B = Non-inter-level travel time spent in this place.
 C = Inter-level travel time spent in this place.
 D = Time resting spent in this place.
 E = Time spent auto-exploring this place.
 F = Levels seen in this place.
 G = Mean time per level.
                   A        B        C        D        E       F      G
               +--------+--------+--------+--------+--------+-----+--------+
         Total |   4647 |   4551 |     96 |    246 |   3659 |   4 | 1161.8 |
       Dungeon |   4647 |   4551 |     96 |    246 |   3659 |   4 | 1161.8 |
               +--------+--------+--------+--------+--------+-----+--------+

Top non-repeatable levels by time:
     D:4: 1410 daAuts
     D:2: 1344 daAuts
     D:3: 1065 daAuts
     D:1: 826 daAuts
